 Dungeon Crawl Stone Soup version 0.25-a0-589-g1e14c549ee (webtiles) character file.

Game seed: 14264718045245763961, levelgen mode: deterministic

35 GenChuck the Digger (level 3, -2/19 HPs)
             Began as a Gargoyle Earth Elementalist on Mar 12, 2020.
             Slain by a phantom (5 damage)
             ... on level 2 of the Dungeon.
             The game lasted 00:19:50 (1556 turns).

GenChuck the Digger (Gargoyle Earth Elementalist)   Turns: 1556, Time: 00:19:50

Health: -2/19      AC:  6    Str: 11    XL:     3   Next: 33%
Magic:  1/7        EV: 12    Int: 16    God:
Gold:   110        SH:  0    Dex: 10    Spells: 3/7 levels left

rFire    . . .     SeeInvis .   o - +1 dagger (vamp)
rCold    . . .     Gourm    .   (no shield)
rNeg     + . .     Faith    .   c - +1 robe
rPois    ∞         Spirit   .   (no helmet)
rElec    +         Reflect  .   (no cloak)
rCorr    .         Harm     .   (no gloves)
MR       .....                  (no boots)
Stlth    ++........             (no amulet)
HPRegen  0.06/turn              (no ring)
MPRegen  0.10/turn              (no ring)

@: no status effects
A: negative energy resistance 1, electricity resistance, unbreathing,
petrification resistance, rot immunity, AC +3
a: no special abilities


You were on level 2 of the Dungeon.
You were not hungry.

You visited 1 branch of the dungeon, and saw 2 of its levels.

You collected 110 gold pieces.

Inventory:

Hand Weapons
 a - a +0 whip
 e - a +0 dagger
 k - a +4 mace
 n - a +0 hunting sling
 o - a +1 vampiric dagger (weapon)
Missiles
 b - 62 stones (quivered)
Armour
 c - a +1 robe (worn)
Jewellery
 f - a +5 amulet of reflection
Scrolls
 i - 2 scrolls of teleportation
Potions
 g - a potion of might {unknown}
 j - a potion of brilliance {unknown}
 l - a potion of ambrosia {unknown}
Comestibles
 d - 5 rations


   Skills:
 + Level 0.2 Fighting
 - Level 1.5 Dodging
 - Level 2.1 Stealth
 * Level 2.8 Spellcasting
   Level 0.7 Transmutations
 * Level 4.4 Earth Magic


You had 3 spell levels left.
You knew the following spells:

 Your Spells              Type           Power        Failure   Level  Hunger
a - Sandblast             Erth           ###...       3%          1    #......
b - Stone Arrow           Conj/Erth      #.....       22%         3    ###....

Your spell library contained the following spells:

 Spells                   Type           Power        Failure   Level  Hunger
 Passwall                 Tmut/Erth      ##......     10%         2    ##.....
 Petrify                  Tmut/Erth      ##......     54%         4    #####..
 Lee's Rapid Deconstruct  Erth           ###.......   63%         5    ######.


Dungeon Overview and Level Annotations

Branches:
Dungeon (2/15)

Altars:


Innate Abilities, Weirdness & Mutations

You are resistant to torment.
Your stone body is resilient. (AC +3)
You are immune to poison.
You resist negative energy. (rN+)
You are resistant to electric shocks. (rElec)
You can survive without breathing.
You are immune to petrification.
You are immune to rotting.


Message History

Confirm with . or Enter, or press ? or * to list all spells.
You can't see any susceptible monsters within range! (Use Z to cast anyway.)
Casting: Sandblast (safe; 3% risk of failure)
Confirm with . or Enter, or press ? or * to list all spells.
Aiming: Sandblast (safe; 3% risk of failure)
Press: ? - help, Shift-Dir - straight line, f/p - phantom
Aim: a phantom (moderately damaged)
The blast of sand misses the phantom.
b - 62 stones You closely miss the phantom.
The phantom is moderately damaged.
The phantom hits you.
* * * LOW HITPOINT WARNING * * *
You hit the phantom.
The phantom is moderately damaged.
The phantom misses you.
You miss the phantom.
The phantom is moderately damaged.
The phantom hits you.
You die...

..........#*,* #.........#
..........#*,* #.........#
..........##,* #.........#
.............###.........#
..........#.....#...######
##......#...###.....#
###..#........##..#.#
**...#*#...,#....##.#
,,...#**,.#..##.@.#.#*
,....#,,,,#,,*#.W.#,,*****
,....#,**,,,,.......,,,,,*
####..,***,...........,,,*
*,,,,**#..........!..,*
*,,,,**#.............,*
**,,,,,#.............,*
*****,,*,.............#**
*,,,,,,,,,,,,,,,,,,,***


You could see a phantom.

Vanquished Creatures
  2 dart slugs (D:2)
  A leopard gecko (D:1)
  A giant cockroach (D:2)
  2 goblins
  7 hobgoblins
  3 jackals (D:1)
  A quokka (D:2)
  4 bats
  3 kobolds
  2 rats (D:1)
26 creatures vanquished.

Notes
Turn   | Place    | Note
-------+----------+-------------------------------------------
     0 | D:1      | GenChuck the Gargoyle Earth Elementalist began the quest
                  | for the Orb.
     0 | D:1      | Reached XP level 1. HP: 10/10 MP: 3/3
   178 | D:1      | Reached skill level 4 in Earth Magic
   258 | D:1      | Reached XP level 2. HP: 15/15 MP: 1/5
  1132 | D:2      | Reached XP level 3. HP: 19/19 MP: 4/6
  1292 | D:2      | Learned a level 3 spell: Stone Arrow
  1530 | D:2      | Noticed a phantom
  1556 | D:2      | Slain by a phantom

Levels and vault maps discovered:
D:1:      onia_arrival_pyramid, layout_loops_ring
D:2:      layout_rooms, first_ration

Skill      XL: |  1 |
---------------+----+-----
Earth Magic    | 4 |  4.4
Fighting       | |  0.2
Dodging        | |  1.5
Stealth        | |  2.1
Spellcasting   | |  2.8
Transmutations | |  0.7

Action                   || total
-------------------------++-------
Melee: Dagger            ||    17
 Cast: Sandblast         ||    36
       Stone Arrow       ||     7
  Use: Scroll            ||     4
  Eat: Ration            ||     1
Armor: Robe              ||     6
Dodge: Dodged            ||    29

Table legend:
 A = Non-vault XP
 B = Vault XP
 C = Vault XP percentage of total XP
 D = Non-vault monster count
 E = Vault monster count
 F = Vault count percentage of total count
                 A         B        C        D         E       F
            +---------+---------+-------+---------+---------+-------
      Total |      50 |       0 |   0.0 |      26 |       0 |   0.0
            +---------+---------+-------+---------+---------+-------
        D:1 |      29 |       0 |   0.0 |      17 |       0 |   0.0
        D:2 |      21 |       0 |   0.0 |       9 |       0 |   0.0
            +---------+---------+-------+---------+---------+-------
